 Dungeon Crawl Stone Soup version 0.14-a0-2632-gd2f732a (webtiles) character file.

2187 Egon the Fighter (level 9, 74/93 HPs)
             Began as a Red Draconian Berserker on Feb 15, 2014.
             Was an Elder of Trog.
             Quit the game on Level 4 of the Dungeon.
             The game lasted 00:13:35 (4334 turns).

Egon the Fighter (Red Draconian Berserker)          Turns: 4334, Time: 00:13:35

HP  74/93        AC  7     Str 19      XL: 9   Next:  1%
MP   9/9         EV 18     Int  9      God: Trog [****..]
Gold 192         SH  0     Dex 13      Spells:  0 memorised,  8 levels left

rFire  + + .     SeeInvis .     (no weapon)
rCold  + . .     Clarity  .     (armour unavailable)
rNeg   . . .     Conserve .     (no shield)
rPois  +         rCorr    .     (helmet restricted)
rElec  +         rRot     .     (no cloak)
SustAb . .       Spirit   .     (no gloves)
rMut   .         Warding  .     (no boots)
Saprov . . .     Stasis   .     (no amulet)
MR     .....                    (no ring)
                                (no ring)

@: not resistant to hostile enchantments, unstealthy
A: breathe fire, unfitting armour, fire resistance 1, AC +7
a: Breathe Fire, Burn Spellbooks, Berserk, Trog's Hand, Brothers in Arms,
Renounce Religion


You were on level 4 of the Dungeon.
You worshipped Trog.
Trog was greatly pleased with you.
You were not hungry.

You visited 1 branch of the dungeon, and saw 4 of its levels.

You collected 192 gold pieces.

Inventory:

Hand weapons
 a - a +0,+0 hand axe
Comestibles
 c - 2 bread rations
 l - a meat ration
 q - 2 chunks of gnoll flesh
Scrolls
 e - a scroll of curse armour {unknown}
 h - a scroll of enchant armour {unknown}
 i - 3 scrolls of noise {unknown}
 k - 3 scrolls of identify {unknown}
 m - a scroll of fear {unknown}
 n - a scroll of teleportation {unknown}
 o - a scroll of remove curse {unknown}
 p - 4 scrolls of curse weapon {unknown}
Potions
 d - 2 potions of curing


   Skills:
 + Level 13.4 Fighting
 + Level 12.3 Axes
 + Level 11.6 Dodging


You had 8 spell levels left.
You didn't know any spells.

Dungeon Overview and Level Annotations

Branches:
Dungeon (4/16)
 Temple: D:4-7

Altars:


Innate Abilities, Weirdness & Mutations

You can breathe blasts of fire.
Your fiery red scales are hard (AC +7).
Your body does not fit into most forms of armour.
Your cold-blooded metabolism reacts poorly to cold.
Your flesh is heat resistant.


Message History

You draw a card...
It is Experience.
You feel more experienced.
Your Fighting skill gained 6 levels and is now at level 11!
Your Axes skill gained 5 levels and is now at level 10!
Your Dodging skill gained 5 levels and is now at level 10!
You have reached level 8!
You feel clever.
You draw a card...
It is the Potion.
You feel protected.
You draw a card...
It is Experience.
The deck of cards disappears in a puff of smoke.
You are now empty-handed.
You feel more experienced.
Your Fighting skill gained 2 levels and is now at level 13!
Your Axes skill gained 2 levels and is now at level 12!
Your Dodging skill increases to level 11!
You have reached level 9!
Your experience leads to an increase in your attributes!
Increase (S)trength, (I)ntelligence, or (D)exterity?
You feel agile.
Your scales feel tougher.
Unknown command.
Are you sure you want to abandon this character and quit the game? (Confirm with "yes".)

###........................(.....
#......P.......................
#.....≈≈≈≈≈≈≈≈≈≈≈≈≈)≈≈≈≈≈....≈≈
#.....≈≈≈≈≈≈≈≈≈≈≈≈≈≈≈≈≈≈≈....≈≈
#.....≈≈#####≈≈≈≈≈≈≈≈≈≈≈≈....≈≈
#.....≈≈#...#..................
#.....≈≈#...#############'))'##
#.....≈≈###)#..8...)....#)[))#.
#.....≈≈≈.#)).@....)..).))...'.
#.....≈≈≈.#)#...........#....#.
#.....≈≈≈.#)###################
###.....≈≈≈.#......# .
....(...≈≈≈.#...)..#


.gg ........≈≈≈.#.###'## ... ........≈≈≈.#.#....# .. ........≈≈≈
#.#....###'###### ########≈≈# #'#....'........# There were no monsters in sight!

Vanquished Creatures
  A troll skeleton (D:4)
  3 orc wizards (D:4)
  A gnoll shaman (D:4)
  2 adders
  20 gnolls (D:4)
  2 worms (D:4)
  A giant eyeball (D:3)
  4 orcs
  4 giant cockroaches
  6 goblins
  8 hobgoblins
  21 jackals
  7 kobolds
  7 bats
  2 giant geckos
  15 giant newts
  A quokka (D:2)
  17 rats
  A rat skeleton (D:4)
123 creatures vanquished.

Vanquished Creatures (collateral kills)
  A gnoll shaman (D:4)
  9 gnolls (D:4)
10 creatures vanquished.

Grand Total: 133 creatures vanquished

Notes
Turn   | Place    | Note
--------------------------------------------------------------
     0 | D:1      | Egon, the Draconian Berserker, began the quest for the Orb.
     0 | D:1      | Reached XP level 1. HP: 19/19 MP: 1/1
   119 | D:1      | Reached XP level 2. HP: 23/26 MP: 2/2
   303 | D:1      | Acquired Trog's second power
   558 | D:2      | Reached XP level 3. HP: 25/33 MP: 3/3
  1531 | D:3      | Reached XP level 4. HP: 38/40 MP: 4/4
  1533 | D:3      | Reached skill level 4 in Fighting
  1580 | D:3      | Paralysed by a giant eyeball for 3 turns
  2080 | D:4      | Reached XP level 5. HP: 47/47 MP: 5/5
  2108 | D:4      | Acquired Trog's third power
  3369 | D:4      | Reached XP level 6. HP: 45/55 MP: 6/6
  3371 | D:4      | Reached skill level 5 in Fighting
  4290 | D:4      | Reached skill level 5 in Dodging
  4290 | D:4      | Your scales start taking on a fiery red colour.
  4290 | D:4      | Gained mutation: Your flesh is heat resistant. [draconian maturity]
  4290 | D:4      | Reached XP level 7. HP: 53/62 MP: 7/7
  4296 | D:4      | Reached skill level 5 in Axes
  4321 | D:4      | Gained mutation: You can spit poison. [helix card]
  4322 | D:4      | Lost mutation: You can spit poison. [helix card]
  4323 | D:4      | Gained mutation: You are dopey. (Int -2) [helix card]
  4330 | D:4      | Lost mutation: You are dopey. (Int -2) [helix card]
  4331 | D:4      | Reached skill level 11 in Fighting
  4331 | D:4      | Reached skill level 10 in Axes
  4331 | D:4      | Reached skill level 10 in Dodging
  4331 | D:4      | Reached XP level 8. HP: 68/83 MP: 8/8
  4333 | D:4      | Reached skill level 13 in Fighting
  4333 | D:4      | Reached XP level 9. HP: 73/93 MP: 9/9
  4334 | D:4      | Quit the game

Action                   |  1- 3 |  4- 6 |  7- 9 || total
-------------------------+-------+-------+-------++-------
Melee: Hand axe          |   159 |   206 |     3 ||   368
Invok: Berserk           |       |     8 |       ||     8
       Burn Spellbooks   |       |     1 |       ||     1
       Brothers in Arms  |       |     2 |       ||     2
Evoke: Deck              |       |       |     9 ||     9
  Use: Potion            |       |     2 |     3 ||     5
 Stab: Sleeping          |     1 |       |       ||     1
